Map: Recife Abissal LE

Players

PwTelivolts

  • Race: Terran Terran
  • League: Master
  • Spawn Location: 5:00

BolinhoFofo - Winner!

  • Race: Protoss Protoss
  • League: Diamond
  • Spawn Location: 11:00

Event: BotH

VOD

Have the link to the VOD?

Description

Time

  • Played on: Aug. 19, 2017, 6:22 p.m.
  • Length: 13:22
Show
View Real Time Build Order
Export as new Build Order

PwTelivolts Terran 

Build Orders: Reaper Expand, MMM Bio 

Get SALT Encoding   

  12  0:01  SCV  
  13  0:13  SCV  
  14  0:20  Supply Depot  
  14  0:25  SCV  
  15  0:31  Refinery  
  15  0:41  SCV  
  16  0:47  Barracks  
  16  0:55  SCV  
  17  1:07  SCV  
  18  1:19  SCV  
  19  1:34  Orbital Command  
  19  1:35  Reaper  
  20  1:48  Command Center  
  20  1:58  Factory  
  20  2:02  SCV  
  21  2:11  Barracks Reactor  
  21  2:19  SCV  
  21  2:20  Supply Depot  
  22  2:31  SCV  
  23  2:44  SCV  
  24  2:50  Marine  
  24  2:51  Marine, Starport  
  25  2:56  SCV  
  26  2:59  Widow Mine  
  26  3:02  Orbital Command  
  28  3:08  SCV  
  28  3:09  Marine x2  
  31  3:20  SCV  
  32  3:27  Marine x2  
  32  3:31  Medivac  
  36  3:37  SCV x2  
  36  3:40  Widow Mine  
  40  3:48  Marine x2  
  40  3:49  SCV x2  
  44  4:00  Refinery, Command Center  
  44  4:01  SCV  
  44  4:02  SCV  
  46  4:10  Factory Reactor  
  46  4:12  Barracks  
  46  4:13  Barracks Tech Lab  
  46  4:15  Barracks  
  46  4:25  Starport Reactor  
  46  4:41  Barracks  
  46  4:43  Barracks  
  46  4:45  Supply Depot  
  46  4:46  Stimpack  
  46  5:07  Marauder, Marine x2, SCV  
  46  5:12  Supply Depot  
  46  5:13  Orbital Command  
  46  5:14  Supply Depot  
  52  5:16  Factory Reactor  
  51  5:23  SCV, Engineering Bay  
  51  5:24  SCV  
  51  5:26  Refinery x2  
  53  5:30  Marauder, Marine x4  
  53  5:31  Barracks Tech Lab  
  53  5:32  Barracks Tech Lab  
  59  5:36  SCV x2  
  59  5:47  Marine  
  59  5:48  Marine x2, SCV  
  60  5:53  Missile Turret  
  59  5:59  Marine x3, Missile Turret  
  59  6:04  Marine  
  61  6:05  Marine x2  
  63  6:14  Marine  
  63  6:17  Marauder  
  66  6:19  SCV  
  65  6:31  Medivac  
  65  6:34  Orbital Command  
  65  6:36  Missile Turret  
  65  6:38  Marine x2  
  67  6:45  SCV x2, Refinery  
  69  6:57  SCV  
  69  6:59  SCV x2  
  72  7:07  Marine  
  72  7:08  Marine x3  
  75  7:09  SCV  
  75  7:13  Missile Turret  
  77  7:18  Supply Depot  
  77  7:19  SCV x2  
  79  7:24  Terran Infantry Weapons Level 1  
  79  7:27  SCV  
  80  7:31  SCV  
  80  7:33  SCV  
  82  7:39  SCV, Supply Depot  
  75  7:47  Marauder, Marine x3  
  75  7:48  Marine  
  75  7:50  Medivac  
  71  7:52  SCV x2  
  71  7:55  SCV  
  74  8:00  Medivac, Supply Depot  
  74  8:05  Marauder x2  
  80  8:06  SCV x2  
  80  8:08  Widow Mine  
  80  8:09  Widow Mine  
  80  8:10  Marine  
  80  8:11  Marine  
  80  8:12  Marine  
  89  8:17  Marauder  
  89  8:19  SCV  
  93  8:20  SCV  
  93  8:26  Marauder x2, Medivac  
  99  8:27  Marine  
  99  8:28  Marine  
  99  8:29  Marine  
  102  8:34  Marine, Supply Depot  
  102  8:37  Medivac  
  102  8:38  SCV x2  
  102  8:39  Marauder, Liberator  
  109  8:45  Combat Shields  
  109  8:56  Marauder x2, SCV  
  117  9:04  Supply Depot  
  117  9:07  Liberator  
  117  9:12  Concussive Shells  
  117  9:17  Marine  
  117  9:21  Marine  
  117  9:22  Liberator  
  117  9:23  Marine, Widow Mine  
  116  9:24  Marauder x2  
  116  9:25  Widow Mine  
  116  9:26  Marauder  
  116  9:32  Marine  
  116  9:35  Marine  
  112  9:39  Marine  
  108  9:45  Marauder  
  108  9:46  Marauder  
  108  9:50  Liberator  
  108  9:51  Marauder  
  106  9:57  Marine x2  
  101  10:05  Marine  
  101  10:06  Marine  
  105  10:07  Marauder x2  
  105  10:09  Widow Mine x2  
  114  10:21  Marauder, Marine x2  
  117  10:28  Marauder  
  117  10:29  Marauder  
  117  10:34  Marine x2  
  121  10:39  Marine x2  
  123  10:43  Marauder  
  124  10:51  Marine  
  115  11:33  Orbital Command  
Show
View Real Time Build Order
Export as new Build Order

BolinhoFofo Protoss - Winner!

Build Orders: 1 Gate Expand 

Get SALT Encoding   

  12  0:01  Probe (Chrono Boost)  
  13  0:11  Probe (Chrono Boost)  
  14  0:17  Pylon  
  14  0:22  Probe (Chrono Boost)  
  16  0:35  Probe (Chrono Boost)  
  16  0:36  Gateway  
  16  0:46  Probe (Chrono Boost)  
  16  0:47  Assimilator  
  17  0:57  Probe (Chrono Boost)  
  18  1:07  Probe (Chrono Boost)  
  19  1:19  Nexus  
  19  1:23  Probe (Chrono Boost)  
  20  1:31  Cybernetics Core  
  20  1:36  Probe (Chrono Boost)  
  21  1:40  Assimilator  
  22  1:47  Probe (Chrono Boost)  
  22  1:50  Pylon  
  22  1:57  Probe (Chrono Boost)  
  23  2:03  Pylon  
  25  2:08  Mothership Core (Chrono Boost)  
  25  2:12  Stalker (Chrono Boost)  
  26  2:19  Warp Gate (Chrono Boost)  
  26  2:29  Probe (Chrono Boost)  
  27  2:32  Probe (Chrono Boost)  
  28  2:40  Probe (Chrono Boost)  
  28  2:43  Probe (Chrono Boost)  
  30  2:50  Probe (Chrono Boost), Stalker  
  33  2:54  Probe (Chrono Boost)  
  34  3:00  Robotics Facility  
  34  3:01  Probe (Chrono Boost)  
  34  3:04  Probe (Chrono Boost)  
  36  3:12  Probe (Chrono Boost)  
  37  3:13  Pylon  
  37  3:15  Probe (Chrono Boost)  
  38  3:20  Stalker  
  38  3:22  Probe (Chrono Boost)  
  38  3:25  Probe (Chrono Boost)  
  42  3:28  Twilight Council  
  42  3:33  Probe (Chrono Boost), Pylon  
  43  3:35  Probe (Chrono Boost)  
  44  3:43  Probe  
  44  3:47  Observer  
  46  3:48  Gateway  
  46  3:50  Probe, Gateway  
  46  3:55  Probe  
  48  3:57  Assimilator  
  48  4:00  Probe  
  49  4:03  Pylon  
  49  4:07  Probe  
  49  4:09  Dark Shrine  
  50  4:14  Probe  
  51  4:19  Warp Prism (Chrono Boost)  
  51  4:23  Stalker  
  55  4:25  Probe  
  55  4:26  Probe  
  57  4:38  Nexus  
  57  4:44  Assimilator  
  57  4:50  Stalker  
  58  5:02  Blink (Chrono Boost)  
  58  5:06  Probe  
  58  5:08  Probe  
  58  5:13  Pylon  
  60  5:17  Forge, Probe  
  61  5:23  Dark Templar x2  
  61  5:25  Probe  
  61  5:27  Probe  
  66  5:32  Gateway  
  67  5:40  Gateway  
  67  5:41  Gateway  
  67  5:42  Protoss Ground Weapons Level 1 (Chrono Boost)  
  67  5:50  Probe  
  67  5:52  Probe x2  
  67  5:56  Dark Templar  
  67  5:57  Dark Templar  
  72  6:01  Probe  
  72  6:04  Probe  
  70  6:08  Probe  
  70  6:11  Pylon  
  65  6:12  Probe  
  65  6:16  Probe  
  67  6:20  Probe, Immortal (Chrono Boost)  
  67  6:24  Probe  
  71  6:28  Probe  
  71  6:30  Sentry  
  71  6:31  Sentry, Stalker x2  
  80  6:33  Probe  
  80  6:38  Probe  
  82  6:40  Probe  
  82  6:41  Photon Cannon  
  82  6:45  Stalker  
  82  6:46  Stalker  
  87  6:48  Probe, Pylon  
  88  6:57  Immortal (Chrono Boost)  
  88  6:58  Probe x2  
  92  7:02  Pylon x2  
  92  7:13  Gateway x2  
  92  7:14  Sentry x2, Assimilator  
  96  7:16  Stalker  
  96  7:21  Probe  
  96  7:22  Probe x2  
  101  7:26  Stalker x2  
  105  7:30  Stalker  
  105  7:36  Immortal (Chrono Boost)  
  109  7:47  Stalker  
  109  7:48  Stalker x2  
  113  7:52  Pylon x2, Assimilator, Resonating Glaives  
  113  7:54  Sentry  
  113  7:55  Stalker  
  117  8:06  Protoss Ground Weapons Level 2  
  117  8:08  Probe  
  117  8:09  Warp Prism (Chrono Boost)  
  117  8:10  Pylon  
  120  8:13  Nexus  
  120  8:16  Nexus  
  120  8:28  Robotics Bay  
  120  8:37  Pylon  
  120  8:38  Adept  
  120  8:39  Adept x3  
  120  8:40  Adept  
  130  8:51  Pylon  
  130  8:58  Forge  
  130  8:59  Photon Cannon  
  130  9:00  Photon Cannon  
  130  9:01  Photon Cannon, Adept x3  
  136  9:06  Adept  
  138  9:12  Immortal (Chrono Boost)  
  138  9:33  Stalker x3  
  138  9:34  Stalker x5  
  138  9:36  Probe  
  138  9:37  Probe  
  152  9:53  Probe, Gateway  
  152  9:54  Probe  
  152  9:55  Probe x2  
  152  9:56  Gateway  
  152  9:58  Pylon  
  152  10:05  Sentry  
  152  10:06  Sentry x3  
  152  10:07  Probe  
  161  10:08  Adept x3  
  167  10:16  Colossus (Chrono Boost)  
  172  10:32  Stalker x3  
  172  10:33  Stalker x2  
  182  10:37  Assimilator  
  182  10:40  Assimilator  
  180  10:43  Pylon  
  180  10:45  Pylon  
  178  10:53  Forge  
  178  10:55  Gateway  
  178  10:56  Gateway  
  178  11:01  Gateway  
  178  11:02  Gateway  
  178  11:08  Colossus (Chrono Boost)  
  184  11:13  Dark Templar x2  
  184  11:14  Dark Templar x3  
  194  11:27  Dark Templar x2  
  194  11:28  Dark Templar  
  194  11:29  Photon Cannon  
  194  11:32  Photon Cannon  
  200  11:35  Photon Cannon  
  192  11:59  Dark Templar x2  
  194  12:02  Nexus  
Tags
 
Add a new tag
Caveats
  • Supply blocks, unpowered buildings, or Contaminate may cause inaccurate times.
  • Supply counts are checked every 10 seconds.